 Dungeon Crawl Stone Soup version 0.32-a0-918-g0f22ef8d61 (webtiles) character file.

Game seed: 10353571989313910079

122 Hubris850 the Trooper (level 4, 0/40 HPs)
             Began as a Mountain Dwarf Fighter on Apr 10, 2024.
             Was a Follower of Nemelex Xobeh.
             Incinerated by a bombardier beetle (5 damage)
             ... with a burning spray
             ... on level 4 of the Dungeon.
             The game lasted 00:06:13 (2450 turns).

Hubris850 the Trooper (Mountain Dwarf Fighter)      Turns: 2450, Time: 00:06:14

Health: 0/40       AC:  8    Str: 19    XL:     4   Next: 78%
Magic:  5/5        EV:  8    Int: 10    God:    Nemelex Xobeh [*.....]
Gold:   220        SH:  4    Dex:  9    Spells: 3/3 levels left

rFire   . . .        a - +0 war axe
rCold   . . .        c - +0 buckler
rNeg    . . .        m - +0 scale mail {Will+}
rPois   .            (no helmet)
rElec   .            (no cloak)
rCorr   .            k - +0 pair of gloves
SInv    +            (no boots)
Will    +....        (no amulet) Stlth
                     f - ring of see invisible
HPRegen 0.26/turn    (no ring)
MPRegen 0.09/turn

%: no passive effects
@: on fire, glowing
A: runic magic, artefact enchanting
a: Renounce Religion, Draw Escape, Draw Destruction, Draw Summoning


You were on level 4 of the Dungeon.
You worshipped Nemelex Xobeh.
Nemelex Xobeh was aware of your devotion.
You visited 1 branch of the dungeon, and saw 4 of its levels.

You collected 220 gold pieces.

Inventory:

Hand Weapons
 a - a +0 war axe (weapon)
 g - a +2 heavy hand axe
Missiles
 e - 13 poisoned darts (quivered)
Armour
 b - a +0 scale mail
 c - a +0 buckler (worn)
 k - a +0 pair of gloves (worn)
 m - a +0 scale mail of willpower (worn)
Jewellery
 f - a ring of see invisible (left hand)
Scrolls
 h - 2 scrolls of teleportation
 i - 2 scrolls of noise
 j - a scroll of identify
 n - a scroll of fog
Potions
 d - a potion of might
 l - a potion of heal wounds
 o - 2 potions of mutation


   Skills:
 - Level 4.0 Fighting
 + Level 3.9 Axes
 - Level 4.0 Armour
 - Level 4.0 Shields
 + Level 1.8 Invocations


You had 3 spell levels left.
You didn't know any spells.
Your spell library was empty.

Dungeon Overview and Level Annotations

Branches:
Dungeon (4/15)
 Temple: D:4-7

Altars:
Kikubaaqudgha
Makhleb
Nemelex Xobeh
Vehumet

Shops:
D:1 *


Innate Abilities, Weirdness & Mutations

Your spellcasting is much less encumbered by armour.
You can use scrolls of enchantment on lesser artefacts.


Message History

You shake off some of the fire as you move.
The liquid fire burns you!
A kobold comes into view. It is wielding a +0 club.
The bombardier beetle sprays incendiary fluid at you.
The burning spray hits you.
You are even more covered in liquid fire!
Found a stone staircase leading down.
You shake off some of the fire as you move.
The liquid fire burns you!
The kobold shouts!
A kobold comes into view. It is wielding a +0 short sword.
You closely miss the bombardier beetle. The liquid fire burns you!
The kobold shouts!
You block the bombardier beetle's attack.
You barely miss the bombardier beetle. The liquid fire burns you!
The bombardier beetle bites you but does no damage.
You hit the bombardier beetle.
The bombardier beetle is moderately wounded.
The liquid fire burns you!
The bombardier beetle bites you but does no damage.
You slash the bombardier beetle!
The bombardier beetle is almost dead.
You slash the kobold!
You kill the kobold!
The liquid fire burns you!
* * * LOW HITPOINT WARNING * * *
You closely miss the bombardier beetle.
The bombardier beetle is almost dead.
The liquid fire burns you!
* * * LOW HITPOINT WARNING * * *
You block the bombardier beetle's attack.
The kobold completely misses you.
You hit the bombardier beetle but do no damage.
The bombardier beetle is almost dead.
You barely miss the kobold. The liquid fire burns you!
You die...
Your body glows slightly brighter and disappears.

............#
........................
.......................#
.......................#
........................
.......................#
.......................#
......)...........).....
......B@................
......K.................
.......................#
.#..##..#.#.#.#.........
>.......#.....#..#.#####
.# ###.####$######.# ..
...# #.# ####.#### ...
.. ...


You could see a bombardier beetle and a kobold.

Vanquished Creatures
  3 adders
  3 dart slugs
  2 ribbon worms
  5 orcs
  6 bats
  10 endoplasms
  4 giant cockroaches
  5 goblins
  2 hobgoblins
  9 jackals
  2 quokkas
  8 ball pythons
  3 frilled lizards
  7 kobolds
  5 rats
74 creatures vanquished.

Notes
Turn   | Place    | Note
-------+----------+-------------------------------------------
     0 | D:1      | Hubris850 the Mountain Dwarf Fighter began the quest for
                  | the Orb.
     0 | D:1      | Reached XP level 1. HP: 19/19 MP: 1/1
    62 | D:1      | Reached XP level 2. HP: 26/26 MP: 2/2
   332 | D:1      | Found Mathestri's Assorted Antiques.
   537 | D:1      | Reached XP level 3. HP: 32/33 MP: 3/3
   966 | D:2      | Found a faded altar of an unknown god.
  1131 | D:2      | Found a sparkling altar of Nemelex Xobeh.
  1210 | D:2      | Became a worshipper of Nemelex Xobeh the Trickster
  1272 | D:2      | Reached XP level 4. HP: 40/40 MP: 4/4
  1573 | D:3      | Found an ancient bone altar of Kikubaaqudgha.
  1654 | D:3      | Found a radiant altar of Vehumet.
  1734 | D:3      | Reached skill level 1 in Invocations
  2065 | D:3      | Reached * piety under Nemelex Xobeh
  2096 | D:3      | Received a gift from Nemelex Xobeh
  2207 | D:3      | Found a burning altar of Makhleb.
  2450 | D:4      | Incinerated by a bombardier beetle

Illustrated notes

Levels and vault maps discovered:
D:1:      lightli_arrival_flooded_house, layout_loops_corners, serial_shops,
          shop, minmay_tetromino_s2
D:2:      layout_rooms, chequers_ecumenical_altar_simple_redux, basic_altar
D:3:      layout_basic, mainiacjoe_overflow_alcove_2,
          mainiacjoe_overflow_small_starburst, mainiacjoe_overflow_boulevard
D:4:      dreamdust_elfheim, layout_basic, minmay_mini_ossuary

Skill      XL: |  1  2  3  4 |
---------------+-------------+-----
Axes           | 3 |  3.9
Fighting       | 4 |  4.0
Armour         | 4 |  4.0
Shields        | 4 |  4.0
Invocations    | 1 |  1.8

Action                     |  1- 3 |  4- 6 || total
---------------------------+-------+-------++-------
  Melee: War axe           |   156 |    84 ||   240
 Invoke: Draw Destruction  |       |     1 ||     1
    Use: Scroll            |     4 |     7 ||    11
 Armour: Scale mail        |   150 |    60 ||   210
  Dodge: Dodged            |    87 |    33 ||   120
  Block: Buckler           |    36 |    17 ||    53

Table legend: (Time is in decaauts)
 A = Elapsed time spent in this place.
 B = Non-inter-level travel time spent in this place.
 C = Inter-level travel time spent in this place.
 D = Time resting spent in this place.
 E = Time spent auto-exploring this place.
 F = Levels seen in this place.
 G = Mean time per level.
                   A        B        C        D        E       F      G
               +--------+--------+--------+--------+--------+-----+--------+
         Total |   2537 |   2442 |     95 |      0 |   1823 |   4 |  634.2 |
       Dungeon |   2537 |   2442 |     95 |      0 |   1823 |   4 |  634.2 |
               +--------+--------+--------+--------+--------+-----+--------+

Top non-repeatable levels by time:
     D:1: 977 daAuts
     D:3: 835 daAuts
     D:2: 632 daAuts
     D:4: 91 daAuts
